Map: 16-Bit LE

Players

Snute - Winner!

  • Race: Zerg Zerg
  • Spawn Location: 7:00

TIME (Oliveira)

  • Race: Terran Terran
  • Spawn Location: 1:00

Event: WCS Austin 2018

VOD

Have the link to the VOD?

Description

Time

  • Played on: June 1, 2018, 10:41 p.m.
  • Length: 6:52

All games in this series

Show
View Real Time Build Order
Export as new Build Order

Snute Zerg - Winner!

Build Orders: Hatch First 

Get SALT Encoding   

  12  0:00  Drone  
  13  0:12  Overlord  
  13  0:18  Drone  
  14  0:31  Drone x2  
  14  0:35  Drone  
  17  0:52  Hatchery  
  17  0:55  Drone  
  17  1:09  Spawning Pool  
  16  1:12  Drone  
  16  1:15  Drone  
  18  1:19  Drone  
  19  1:39  Hatchery  
  18  1:42  Drone  
  18  1:45  Drone  
  20  1:54  Extractor  
  20  1:55  Queen  
  21  2:05  Queen  
  23  2:11  Overlord  
  23  2:14  Drone  
  24  2:17  Drone  
  24  2:20  Drone  
  26  2:24  Drone  
  26  2:27  Drone  
  29  2:30  Drone  
  29  2:36  Drone  
  29  2:37  Drone  
  31  2:44  Spore Crawler  
  31  2:48  Drone x2  
  33  2:51  Drone  
  33  2:55  Metabolic Boost  
  33  2:58  Drone x2  
  36  3:02  Overlord  
  36  3:11  Extractor  
  36  3:12  Drone x4  
  39  3:15  Drone x2  
  42  3:21  Drone x2  
  42  3:22  Drone  
  42  3:23  Drone  
  42  3:24  Drone  
  47  3:27  Overlord  
  47  3:31  Queen  
  47  3:33  Zergling x2  
  50  3:36  Overlord  
  50  3:40  Overlord  
  50  3:46  Queen  
  50  3:48  Zergling x4  
  54  3:50  Drone x2  
  54  3:51  Drone  
  54  3:53  Drone  
  58  3:58  Drone x2  
  58  3:59  Queen  
  62  4:03  Drone  
  62  4:05  Drone  
  62  4:07  Evolution Chamber  
  62  4:09  Drone  
  64  4:13  Queen  
  66  4:21  Overlord, Queen  
  66  4:22  Drone x4  
  66  4:23  Drone  
  73  4:32  Overlord, Zergling x2  
  73  4:34  Zerg Ground Armor Level 1  
  73  4:38  Extractor, Zergling x4  
  73  4:39  Queen, Extractor  
  73  4:43  Spore Crawler, Zergling x2  
  73  4:44  Zergling x10  
  80  4:49  Queen  
  82  4:56  Zergling x12  
  88  5:01  Queen  
  88  5:02  Overlord, Spore Crawler  
  89  5:10  Overlord  
  89  5:13  Overlord  
  89  5:22  Overlord  
  89  5:23  Evolution Chamber, Drone x9  
  89  5:28  Queen  
  98  5:43  Zergling x18  
  106  5:50  Baneling Nest  
  106  5:57  Zergling x12  
  106  6:02  Zergling x2  
  106  6:03  Hatchery  
  103  6:24  Zergling x20  
  112  6:31  Zergling x2  
  109  6:35  Zergling x2  
  104  6:47  Hatchery  
Show
View Real Time Build Order
Export as new Build Order

TIME Terran 

Build Orders: Reaper Expand, MMM Bio 

Get SALT Encoding   

  12  0:00  SCV  
  13  0:12  SCV  
  14  0:17  Supply Depot  
  14  0:25  SCV  
  15  0:39  Barracks, SCV  
  16  0:45  Refinery  
  16  0:51  SCV  
  17  1:03  SCV  
  18  1:15  SCV  
  19  1:27  Reaper  
  19  1:28  Orbital Command  
  20  1:42  Command Center  
  20  1:53  SCV  
  21  1:57  Barracks  
  21  2:00  Barracks Reactor  
  21  2:06  SCV  
  22  2:09  Supply Depot  
  22  2:14  Refinery  
  22  2:18  SCV  
  23  2:27  Factory  
  23  2:31  SCV  
  23  2:36  Marine x2  
  26  2:43  SCV  
  27  2:47  Barracks Tech Lab  
  27  2:54  Marine x2  
  27  2:57  Orbital Command  
  29  3:00  SCV  
  30  3:07  Stimpack  
  30  3:09  Marine  
  30  3:12  Marine  
  32  3:16  SCV  
  33  3:20  Starport  
  33  3:22  Factory Reactor  
  33  3:25  SCV  
  34  3:28  SCV  
  34  3:29  Marine  
  34  3:32  Marine  
  37  3:34  Marine  
  37  3:39  Supply Depot  
  37  3:41  SCV  
  39  3:44  SCV  
  39  3:47  Marine  
  41  3:50  Marine  
  41  3:53  SCV  
  43  3:56  SCV  
  43  3:57  Marine  
  43  4:00  Supply Depot  
  45  4:04  Medivac x2  
  45  4:05  Marine  
  45  4:08  SCV  
  51  4:11  Supply Depot  
  51  4:13  Marine, SCV  
  51  4:16  Marine  
  54  4:21  SCV  
  54  4:23  Marine  
  56  4:25  SCV  
  56  4:27  Widow Mine  
  58  4:33  SCV  
  58  4:34  Medivac  
  58  4:37  Marine  
  58  4:38  SCV  
  63  4:45  Engineering Bay, Marine x2, Supply Depot  
  64  4:46  Engineering Bay  
  64  4:47  SCV  
  64  4:51  Factory Tech Lab  
  66  4:54  SCV  
  66  4:55  Marine  
  66  4:56  Supply Depot  
  68  5:00  SCV  
  68  5:03  Marine  
  68  5:06  Marine  
  71  5:13  Marine  
  71  5:14  SCV  
  73  5:17  Combat Shields  
  73  5:20  SCV  
  73  5:21  Marine  
  75  5:24  Marine  
  75  5:26  SCV  
  77  5:31  Marine  
  78  5:38  Marine  
  78  5:42  Marine  
  80  5:45  SCV  
  80  5:49  Marine  
  79  5:54  SCV  
  79  5:56  Marine  
  83  5:57  SCV  
  83  5:58  Supply Depot  
  83  5:59  Marine, Supply Depot  
  83  6:00  Command Center  
  86  6:06  SCV  
  86  6:09  Marine  
  84  6:11  Medivac  
  84  6:16  Refinery  
  84  6:17  Refinery  
  84  6:18  Marine, SCV  
  86  6:19  Medivac, Marine  
  86  6:20  Barracks x2  
  86  6:21  Barracks  
Tags
 
Add a new tag
Caveats
  • Supply blocks, unpowered buildings, or Contaminate may cause inaccurate times.
  • Supply counts are checked every 10 seconds.